 Dungeon Crawl Stone Soup version 0.31-a0-198-g2ad674f65e (webtiles) character file.

Game seed: 13480109979797688578

103 qw the Shooter (level 4, -2/25 HPs)
             Began as a Deep Elf Hunter on June 25, 2023.
             Slain by a gnoll
             ... wielding a +0 club
              (3 damage)
             ... on level 3 of the Dungeon.
             The game lasted 00:00:32 (1284 turns).

qw the Shooter (Deep Elf Hunter)                    Turns: 1284, Time: 00:00:32

Health: -2/25      AC:  6    Str: 10    XL:     4   Next: 51%
Magic:  6/6        EV: 11    Int: 14    God:
Gold:   66         SH:  0    Dex: 18    Spells: 3/3 levels left

rFire   . . .        Y - +0 shortbow
rCold   . . .        (shield currently unavailable)
rNeg    . . .        f - +0 ring mail
rPois   .            (no helmet)
rElec   .            (no cloak)
rCorr   .            (no gloves)
SInv    .            e - +0 pair of boots
Will    .....        (no amulet)
Stlth   +            (no ring)
HPRegen 0.24/turn    (no ring)
MPRegen 0.10/turn

%: no passive effects
@: about to teleport
A: no striking features
a: no special abilities


You were on level 3 of the Dungeon.
You visited 1 branch of the dungeon, and saw 3 of its levels.

You collected 131 gold pieces.
You spent 65 gold pieces at shops.


   Skills:
 - Level 1.5 Fighting
 + Level 7.9 Ranged Weapons
 - Level 2.4 Dodging
 - Level 1.2 Stealth


You had 3 spell levels left.
You didn't know any spells.
Your spell library was empty.

Inventory:

Hand Weapons
 Y - a +0 shortbow (weapon)
Armour
 b - a +2 scale mail of positive energy
 e - a +0 pair of boots (worn)
 f - a +0 ring mail (worn)
 l - a +0 pair of gloves
Scrolls
 i - a scroll of identify
 k - a scroll of amnesia {unknown}
Potions
 a - a potion of enlightenment {unknown}
 c - a potion of attraction {unknown}
 d - 2 potions of resistance
 g - 2 potions of might {unknown}
 j - a potion of curing {unknown}

Dungeon Overview and Level Annotations

Branches:
Dungeon (3/15)

Altars:

Shops:
D:1 ?


Message History

You hear a shout! x2; You hear an angry hiss.
A gnoll comes into view. It is wielding a +0 whip.
You shoot an arrow. The arrow barely misses the gnoll.
You hear a shout!
You hear an angry hiss.
You shoot an arrow. The arrow hits the gnoll!
The gnoll is heavily wounded.
You shoot an arrow. The arrow hits the gnoll!
You kill the gnoll!
A gnoll comes into view. It is wielding a +0 spear.
The gnoll closely misses you.
A gnoll comes into view. It is wielding a +0 club.
The gnoll moves out of view.
You shoot an arrow. The arrow hits the gnoll.
The gnoll is lightly wounded.
You hear a shout!
The gnoll hits you from afar with a +0 spear.
1277 ||| Stepping ~*~*~tactically~*~*~ (outnumbered).
The gnoll completely misses you.
You shoot an arrow. The arrow barely misses the gnoll.
The gnoll hits you with a +0 club.
You shoot an arrow. The arrow closely misses the gnoll.
The gnoll hits you with a +0 spear. The gnoll barely misses you.
You shoot an arrow. The arrow barely misses the gnoll.
The gnoll hits you with a +0 spear.
A frilled lizard comes into view.
The gnoll closely misses you.
You shoot an arrow. The arrow hits the gnoll!
The gnoll is almost dead.
The gnoll hits you with a +0 spear. The gnoll hits you with a +0 club.
You shoot an arrow. The arrow closely misses the gnoll.
The gnoll hits you with a +0 spear. The gnoll hits you with a +0 club.
1283 ||| READING scroll of teleportation.
As you read the scroll of teleportation, it crumbles to dust.
You feel strangely unstable. The gnoll hits you but does no damage.
The gnoll hits you with a +0 club.
You shoot an arrow. The arrow hits the gnoll.
You kill the gnoll!
The gnoll closely misses you. The gnoll misses you.
The gnoll hits you with a +0 club.
You die...

#.......# .###
#######)# #.# #.#
## ####.#### #g#
#.......# #g#
#.##.##.# ##.# #
#....# #g##
#.####..#####@##
#.............g#
###############l#
##


You could see 2 gnolls and a frilled lizard.

Vanquished Creatures
  Terence (D:3)
  2 gnolls (D:3)
  3 adders (D:2)
  3 bats
  2 endoplasms
  6 giant cockroaches
  7 hobgoblins
  5 ball pythons
  4 frilled lizards
  2 goblins
  4 kobolds
  3 rats
42 creatures vanquished.

Notes
Turn   | Place    | Note
-------+----------+-------------------------------------------
     0 | D:1      | qw the Deep Elf Hunter began the quest for the Orb.
     0 | D:1      | Reached XP level 1. HP: 12/12 MP: 3/3
     0 | D:1      | 0 ||| qw: Version: 0.3-a-22-g0ed2b0b
     0 | D:1      | 0 ||| qw: Game counter: 5262
     0 | D:1      | 0 ||| qw: Melee chars always use a shield: true
     0 | D:1      | 0 ||| qw: God list: Okawaru
     0 | D:1      | 0 ||| qw: Allow faded altars: false
     0 | D:1      | 0 ||| qw: Do Orc after clearing Dungeon:15 true
     0 | D:1      | 0 ||| qw: Do second Lair branch before Depths: true
     0 | D:1      | 0 ||| qw: Lair rune preference: random
     0 | D:1      | 0 ||| qw: Goals: Normal
     0 | D:1      | 0 ||| PLANNING D:1-11
   150 | D:1      | Reached XP level 2. HP: 16/16 MP: 4/4
   154 | D:1      | Reached skill level 6 in Ranged Weapons
   507 | D:1      | Found Damud's Magic Scroll Emporium.
   525 | D:1      | 525 ||| SHOPLISTING scroll of enchant armour (97 gold, have
                  | 75).
   525 | D:1      | 525 ||| SHOPLISTING scroll of enchant weapon (97 gold, have
                  | 75).
   525 | D:1      | 525 ||| BUYING scroll of identify (26 gold).
   525 | D:1      | Bought a scroll of identify for 26 gold pieces
   525 | D:1      | 525 ||| BUYING scroll of teleportation (39 gold).
   525 | D:1      | Bought a scroll of teleportation for 39 gold pieces
   579 | D:1      | 579 ||| UPGRADING to +0 pair of boots.
   584 | D:1      | 584 ||| UPGRADING to +0 ring mail.
   594 | D:1      | 594 ||| DROPPING +0 leather armour.
   595 | D:1      | 595 ||| READING 2 scrolls of identify.
   595 | D:1      | 595 ||| IDENTIFYING sedimented clear potion
   596 | D:1      | 596 ||| DROPPING scroll of butterflies.
   679 | D:2      | Reached XP level 3. HP: 20/20 MP: 5/5
   789 | D:2      | Reached skill level 7 in Ranged Weapons
   797 | D:2      | HP: 5/20 [adder (1)]
   798 | D:2      | 798 ||| READING 2 scrolls of teleportation.
   811 | D:2      | 811 ||| FLEEEEING.
   812 | D:2      | 812 ||| FLEEEEING.
   813 | D:2      | 813 ||| STAIRDANCE
   868 | D:1      | 868 ||| READING scroll labelled ISUEG HENE.
  1047 | D:2      | 1047 ||| READING scroll labelled ICRY OZONK.
  1106 | D:3      | Noticed Terence
  1110 | D:3      | Killed Terence
  1111 | D:3      | Reached XP level 4. HP: 25/25 MP: 6/6
  1277 | D:3      | 1277 ||| Stepping ~*~*~tactically~*~*~ (outnumbered).
  1282 | D:3      | HP: 4/25 [gnoll/+0 club (3)]
  1283 | D:3      | 1283 ||| READING scroll of teleportation.
  1283 | D:3      | HP: 1/25 [gnoll/+0 club (4)]
  1284 | D:3      | Slain by a gnoll

Levels and vault maps discovered:
D:1:      mrwooster_arrival_statue, layout_loops_ring, serial_shops,
          nicolae_shop_waterfront
D:2:      layout_rooms
D:3:      layout_loops_cross, uniq_terence

Skill      XL: |  1  2  3 |
---------------+----------+-----
Ranged Weapons | 6 7 |  7.9
Fighting       | |  1.5
Dodging        | |  2.4
Stealth        | |  1.2

Action                     |  1- 3 |  4- 6 || total
---------------------------+-------+-------++-------
   Fire: Shortbow          |   100 |    24 ||   124
    Use: Scroll            |     4 |     1 ||     5
 Armour: Ring mail         |    24 |     9 ||    33
  Dodge: Dodged            |    31 |     9 ||    40

Table legend:
 A = Non-vault XP
 B = Vault XP
 C = Vault XP percentage of total XP
 D = Non-vault monster count
 E = Vault monster count
 F = Vault count percentage of total count
                 A         B        C        D         E       F
            +---------+---------+-------+---------+---------+-------
      Total |     127 |      36 |  22.1 |      41 |       1 |   2.4
            +---------+---------+-------+---------+---------+-------
        D:1 |      23 |       0 |   0.0 |      15 |       0 |   0.0
        D:2 |      68 |       0 |   0.0 |      21 |       0 |   0.0
        D:3 |      36 |      36 |  50.0 |       5 |       1 |  16.7
            +---------+---------+-------+---------+---------+-------
